 Dungeon Crawl Stone Soup version 0.31-a0-977-gc230f8ef24 (webtiles) character file.

Game seed: 17431261599564111745

526 timneilson the Ruffian (level 7, -3/52 HPs)
             Began as a Gnoll Shapeshifter on Oct 29, 2023.
             Slain by a gnoll sergeant
             ... wielding a +0 spear
              (7 damage)
             ... on level 3 of the Dungeon.
             The game lasted 00:07:17 (2354 turns).

timneilson the Ruffian (Gnoll Shapeshifter)         Turns: 2354, Time: 00:07:17

Health: -3/52      AC:  8    Str: 19 (21) XL:     7   Next: 23%
Magic:  10/10      EV:  9    Int:  8 (9)  God:
Gold:   73         SH:  0    Dex: 10 (12) Spells: 10/10 levels left

rFire   . .          .
                       - Unarmed
rCold   . . .        (no shield)
rNeg    . . .        e - +0 chain mail
rPois   .            (helmet currently unavailable)
rElec   .            (cloak currently unavailable)
rCorr   .            (gloves currently unavailable)
SInv    +            (boots currently unavailable)
Will    .....        (no amulet) Stlth
                     h - +6 ring of strength
HPRegen 0.28/turn    (no ring)
MPRegen 0.12/turn

%: no passive effects
@: brilliant, beast-form
A: beast (slay +3), fangs 1, strong nose, distributed training, see invisible
a: Begin Untransformation


You were on level 3 of the Dungeon.
You were a hulking beast.
You visited 1 branch of the dungeon, and saw 3 of its levels.
You also visited: Sewer.

You collected 73 gold pieces.

Inventory:

Missiles
 r - a throwing net
Armour
 e - a +0 chain mail (worn)
 g - a +0 helmet of see invisible
Jewellery
 h - a +6 ring of strength (left hand)
Talismans
 c - a beast talisman
 d - a flux talisman
Wands
 k - a wand of paralysis (6)
Scrolls
 j - 2 scrolls of enchant weapon {unknown}
 m - a scroll of revelation {unknown}
 n - a scroll of blinking {unknown}
 o - a scroll of fear
 p - a scroll of enchant armour {unknown}
 q - a scroll of fog {unknown}
Potions
 a - a potion of enlightenment
 b - 3 potions of lignification
 f - a potion of brilliance
 i - a potion of might {unknown}
 l - 2 potions of mutation
 s - a potion of degeneration


   Skills:
 + Level 3.5 Fighting
 + Level 2.4 Short Blades
 + Level 2.4 Long Blades
 + Level 2.4 Axes
 + Level 2.4 Maces & Flails
 + Level 2.4 Polearms
 + Level 2.4 Staves
 + Level 2.4 Ranged Weapons
 + Level 2.4 Throwing
 + Level 2.4 Armour
 + Level 5.2 Dodging
 + Level 2.4 Stealth
 + Level 2.4 Shields
 + Level 7.0 Unarmed Combat
 + Level 2.4 Spellcasting
 + Level 2.0 Conjurations
 + Level 2.0 Hexes
 + Level 2.0 Summonings
 + Level 2.0 Necromancy
 + Level 2.0 Translocations
 + Level 2.0 Transmutations
 + Level 2.0 Fire Magic
 + Level 2.0 Ice Magic
 + Level 2.0 Air Magic
 + Level 2.0 Earth Magic
 + Level 2.0 Poison Magic
 + Level 2.6 Invocations
 + Level 2.4 Evocations
 + Level 6.9 Shapeshifting


You had 10 spell levels left.
You didn't know any spells.
Your spell library was empty.

Dungeon Overview and Level Annotations

Branches:
Dungeon (3/15)              Sewer (visited)

Altars:


Innate Abilities, Weirdness & Mutations

You are a hulking beast.
Your limbs bulge with bestial killing power. (Slay +3)
You have very sharp teeth.
Your uncanny sense of smell can sniff out nearby items.
Your experience applies equally to all skills.
You have supernaturally acute eyesight. (SInv)


Message History

You barely miss the gnoll sergeant.
You bite the gnoll sergeant, but do no damage.
The gnoll sergeant is severely wounded.
The gnoll sergeant hits you with a +0 spear.
You barely miss the gnoll sergeant.
The gnoll sergeant is severely wounded.
You closely miss the gnoll sergeant.
The gnoll sergeant is severely wounded.
The gnoll sergeant hits you with a +0 spear.
You hit the gnoll sergeant but do no damage.
The gnoll sergeant is severely wounded.
The gnoll sergeant completely misses you.
You hit the gnoll sergeant but do no damage.
The gnoll sergeant is severely wounded.
The gnoll sergeant hits you with a +0 spear!
* * * LOW HITPOINT WARNING * * *
It was a potion of brilliance.
You feel clever all of a sudden.
The gnoll sergeant hits you with a +0 spear.
* * * LOW HITPOINT WARNING * * *
It was a potion of degeneration.
There was something very wrong with that liquid.
You feel weakened.
You feel dopey.
You feel clumsy.
The gnoll sergeant hits you with a +0 spear.
* * * LOW HITPOINT WARNING * * *
It was a potion of mutation.
You feel extremely strange.
Your vision sharpens.
The gnoll sergeant hits you with a +0 spear.
* * * LOW HITPOINT WARNING * * *
You punch the gnoll sergeant!
The gnoll sergeant is almost dead.
The gnoll sergeant closely misses you.
You closely miss the gnoll sergeant.
The gnoll sergeant is almost dead.
The gnoll sergeant hits you with a +0 spear.
* * * LOW HITPOINT WARNING * * *
You barely miss the gnoll sergeant.
The gnoll sergeant is almost dead.
The gnoll sergeant hits you with a +0 spear!
You die...

#####...####################
........[...................P
~≈~≈~≈~....~~~~≈~~~~~~≈~~~~~
~≈≈≈≈≈≈....~≈≈~≈≈≈≈≈≈≈≈≈≈≈≈
~~≈~~≈~....~~≈~~~~~~~~≈#
.......................#
###########''''#############∆
....#######..oo#######..#..#
....))))..'..oogh))..'..').#
....#######..gg#######..#..#
##### ##'g## ####### .....
....o... ........... ∆
.......g.... ∆ ∆∆∆ ∆
######++##### ∆∆∆ ∆


You could see a gnoll sergeant, 3 gnolls and 4 orcs.

Vanquished Creatures
  Sigmund (D:3)
  Pargi (Sewer)
  Ijyb (D:3)
  Robin (D:3)
  9 gnolls
  4 adders
  2 dart slugs (D:1)
  6 orcs
  9 ball pythons
  6 bats
  4 endoplasms
  3 giant cockroaches (D:3)
  11 goblins
  11 hobgoblins
  13 jackals
  2 kobolds (D:1)
  7 quokkas
  8 frilled lizards
  5 rats
104 creatures vanquished.

Notes
Turn   | Place    | Note
-------+----------+-------------------------------------------
     0 | D:1      | timneilson the Gnoll Shapeshifter began the quest for the
                  | Orb.
     0 | D:1      | Reached XP level 1. HP: 17/17 MP: 1/1
    93 | D:1      | Reached XP level 2. HP: 23/23 MP: 2/2
   250 | D:1      | Reached XP level 3. HP: 28/28 MP: 3/3
   349 | D:1      | Reached skill level 1 in Invocations
   495 | D:1      | Reached skill level 1 in Short Blades
   495 | D:1      | Reached skill level 1 in Long Blades
   495 | D:1      | Reached skill level 1 in Axes
   495 | D:1      | Reached skill level 1 in Maces & Flails
   495 | D:1      | Reached skill level 1 in Polearms
   495 | D:1      | Reached skill level 1 in Staves
   495 | D:1      | Reached skill level 1 in Ranged Weapons
   495 | D:1      | Reached skill level 1 in Throwing
   495 | D:1      | Reached skill level 1 in Armour
   495 | D:1      | Reached skill level 1 in Stealth
   495 | D:1      | Reached skill level 1 in Shields
   495 | D:1      | Reached skill level 1 in Spellcasting
   495 | D:1      | Reached skill level 1 in Evocations
   782 | D:1      | Reached XP level 4. HP: 34/34 MP: 5/5
  1312 | D:2      | Reached skill level 1 in Conjurations
  1312 | D:2      | Reached skill level 1 in Hexes
  1312 | D:2      | Reached skill level 1 in Summonings
  1312 | D:2      | Reached skill level 1 in Necromancy
  1312 | D:2      | Reached skill level 1 in Translocations
  1312 | D:2      | Reached skill level 1 in Transmutations
  1312 | D:2      | Reached skill level 1 in Fire Magic
  1312 | D:2      | Reached skill level 1 in Ice Magic
  1312 | D:2      | Reached skill level 1 in Air Magic
  1312 | D:2      | Reached skill level 1 in Earth Magic
  1312 | D:2      | Reached skill level 1 in Poison Magic
  1547 | D:3      | Noticed Ijyb
  1560 | D:3      | Killed Ijyb
  1561 | D:3      | Reached XP level 5. HP: 34/40 MP: 5/7
  1568 | D:3      | Found a glowing drain.
  1587 | Sewer    | Entered a sewer
  1615 | Sewer    | Noticed Pargi
  1625 | Sewer    | Killed Pargi
  1626 | Sewer    | Reached XP level 6. HP: 31/47 MP: 8/8
  1902 | D:3      | Found a faded altar of an unknown god.
  1962 | D:3      | Noticed Robin
  1982 | D:3      | Killed Robin
  2055 | D:3      | Noticed Sigmund
  2064 | D:3      | Killed Sigmund
  2065 | D:3      | Reached skill level 5 in Dodging
  2084 | D:3      | Reached XP level 7. HP: 48/52 MP: 10/10
  2152 | D:3      | Reached skill level 7 in Unarmed Combat
  2351 | D:3      | Gained mutation: You have supernaturally acute eyesight.
                  | (SInv) [potion of mutation]
  2354 | D:3      | Slain by a gnoll sergeant

Illustrated notes

Levels and vault maps discovered:
D:1:      erik_arrival_blinker_ship, layout_basic, minmay_misc_feat_tiny,
          serial_park_tiny_1, hangedman_abyss_or_decor_stabs,
          serial_park_tiny_2, amethyst_killhole
D:2:      layout_basic
D:3:      lemuel_castle_with_subvaults [lemuel_castle_interior_original],
          layout_basic, gup_sewer_entry_pipe,
          dreamdust_ecumenical_altar_statues, uniq_sigmund, uniq_robin,
          uniq_jessica, uniq_ijyb

Skill      XL: |  1  2  3  4  5  6  7 |
---------------+----------------------+-----
Invocations    | 1 2 |  2.6
Short Blades   | 1 2 |  2.4
Long Blades    | 1 2 |  2.4
Axes           | 1 2 |  2.4
Maces & Flails | 1 2 |  2.4
Polearms       | 1 2 |  2.4
Staves         | 1 2 |  2.4
Ranged Weapons | 1 2 |  2.4
Throwing       | 1 2 |  2.4
Armour         | 1 2 |  2.4
Stealth        | 1 2 |  2.4
Shields        | 1 2 |  2.4
Spellcasting   | 1 2 |  2.4
Evocations     | 1 2 |  2.4
Conjurations   | 1 2 |  2.0
Hexes          | 1 2 |  2.0
Summonings     | 1 2 |  2.0
Necromancy     | 1 2 |  2.0
Translocations | 1 2 |  2.0
Transmutations | 1 2 |  2.0
Fire Magic     | 1 2 |  2.0
Ice Magic      | 1 2 |  2.0
Air Magic      | 1 2 |  2.0
Earth Magic    | 1 2 |  2.0
Poison Magic   | 1 2 |  2.0
Fighting       | 3 |  3.5
Dodging        | 5 |  5.2
Unarmed Combat | 7 |  7.0
Shapeshifting  | |  6.9

Action                     |  1- 3 |  4- 6 |  7- 9 || total
---------------------------+-------+-------+-------++-------
  Melee: Unarmed           |    56 |   111 |    55 ||   222
         Punch             |     3 |     1 |     3 ||     7
         Bite              |     4 |    13 |     9 ||    26
    Use: Scroll            |       |     4 |       ||     4
         Potion            |       |       |     3 ||     3
 Armour: Chain mail        |    25 |    65 |    35 ||   125
         Animal skin       |     1 |       |       ||     1
  Dodge: Dodged            |    22 |    50 |    21 ||    93

Table legend: (Time is in decaauts)
 A = Elapsed time spent in this place.
 B = Non-inter-level travel time spent in this place.
 C = Inter-level travel time spent in this place.
 D = Time resting spent in this place.
 E = Time spent auto-exploring this place.
 F = Levels seen in this place.
 G = Mean time per level.
                   A        B        C        D        E       F      G
               +--------+--------+--------+--------+--------+-----+--------+
         Total |   2372 |   2342 |     30 |    150 |   1217 |   4 |  593.0 |
       Dungeon |   2124 |   2094 |     30 |     98 |   1193 |   3 |  708.0 |
         Sewer |    247 |    247 |      0 |     52 |     24 |   1 |  247.0 |
               +--------+--------+--------+--------+--------+-----+--------+

Top non-repeatable levels by time:
     D:1: 896 daAuts
     D:3: 697 daAuts
     D:2: 531 daAuts
   Sewer: 247 daAuts
